 Dungeon Crawl Stone Soup version 0.29.1-2-gbd0b4ee654 (webtiles) character file.

Game seed: 961071984144066978

964 safid the Skirmisher (level 7, -5/68 HPs)
             Began as a Minotaur Hunter on Oct 25, 2022.
             Shot with an arrow by a centaur (10 damage)
             ... on level 5 of the Dungeon.
             The game lasted 00:06:10 (5031 turns).

safid the Skirmisher (Minotaur Hunter)              Turns: 5031, Time: 00:06:11

Health: -5/68      AC:  4    Str: 15    XL:     7   Next: 93%
Magic:  6/6        EV: 12    Int:  6    God:
Gold:   256        SH:  0    Dex: 16    Spells: 6/6 levels left

rFire   . . .      SeeInvis .   a - +0 shortbow
rCold   . . .      Faith    .   (shield currently unavailable)
rNeg    . . .      Spirit   .   c - +0 leather armour
rPois   .          Reflect  .   (helmet restricted)
rElec   .          Harm     .   (no cloak)
rCorr   .          Rampage  .   d - +0 pair of gloves
Will    +....                   (no boots)
Stlth   +.........              (no amulet)
HPRegen 0.21/turn               k - ring of willpower
MPRegen 0.10/turn               (no ring)

@: no status effects
A: horns 2, retaliatory headbutt
a: no special abilities


You were on level 5 of the Dungeon.
You visited 1 branch of the dungeon, and saw 5 of its levels.

You collected 256 gold pieces.

Inventory:

Hand Weapons
 a - a +0 shortbow (weapon)
Missiles
 v - a throwing net
Armour
 c - a +0 leather armour (worn)
 d - a +0 pair of gloves (worn)
Jewellery
 k - a ring of willpower (left hand)
 u - a ring of resist corrosion
 w - an amulet of magic regeneration
Wands
 s - a wand of polymorph (3)
Scrolls
 e - 4 scrolls of identify {unknown}
 g - a scroll of noise {unknown}
 h - a scroll of amnesia {unknown}
 m - 2 scrolls of fear {unknown}
 q - a scroll of silence {unknown}
 r - a scroll of enchant weapon {unknown}
 t - 2 scrolls of teleportation {unknown}
Potions
 b - 2 potions of mutation {unknown}
 f - a potion of haste {unknown}
 i - a potion of heal wounds {unknown}
 j - 2 potions of cancellation {unknown}
 l - a potion of ambrosia {unknown}
 n - a potion of brilliance {unknown}
 o - a potion of might {unknown}
 p - 2 potions of curing {unknown}


   Skills:
 - Level 8.0 Fighting
 + Level 8.4 Ranged Weapons
 - Level 2.1 Dodging
 - Level 0.7 Stealth


You had 6 spell levels left.
You didn't know any spells.
Your spell library contained the following spells:

 Spells                   Type           Power      Damage    Failure   Level
 Portal Projectile        Hex/Tloc       0%         N/A       88%         3
 Tukima's Dance           Hex            0%         N/A       88%         3
 Blade Hands              Tmut           0%         N/A       100%        5


Dungeon Overview and Level Annotations

Branches:
Dungeon (5/15)
 Temple: D:4-7

Altars:
Qazlal
Uskayaw
Yredelemnul


Innate Abilities, Weirdness & Mutations

You have a pair of horns on your head.
You reflexively headbutt those who attack you in melee.


Message History

The adder bites you but does no damage. The adder bites you.
You are more poisoned.
The adder poisons you!
You shoot an arrow. The arrow hits the adder.
You kill the adder!
You feel sick.
No target in view!
No target in view!
No target in view!
You feel sick.
You feel sick.
You feel sick.
You feel sick.
You feel sick.
You feel sick.
You are no longer poisoned.
A centaur is nearby!
A centaur is nearby!
A centaur is nearby!
You shoot an arrow. The centaur shouts!
The arrow hits the centaur!
The centaur is moderately wounded.
The centaur shoots an arrow.
The arrow hits you!
The centaur shoots an arrow.
The arrow barely misses you.
You shoot an arrow. The arrow barely misses the centaur.
The centaur shoots an arrow.
The arrow hits you!
The centaur shoots an arrow.
The arrow hits you.
You are too injured to fight recklessly!
You are too injured to fight recklessly!
You are too injured to fight recklessly!
You are too injured to fight recklessly!
You are too injured to fight recklessly!
The centaur shoots an arrow.
The arrow hits you!
* * * LOW HITPOINT WARNING * * *
The centaur shoots an arrow.
The arrow barely misses you.
The centaur shoots an arrow.
The arrow hits you!
* * * LOW HITPOINT WARNING * * *
The centaur shoots an arrow.
The arrow hits you!
You die...

#.......##...# #..........
#.......##...# #....c.....
#.......##...# #..........
#.......##...# #......#
#.......###### #......# #
####h..##### #......##.#
#........... +†.......$#
##.##############......####
#.####.#.......@...†.#..
#......#.###########.#.##
#h.###.#.# .# # #..# #.#.#
.# #..###<#.#
#....†...########
##...............
################


You could see a centaur.

Vanquished Creatures
  An ogre (D:5)
  A black bear (D:5)
  3 phantoms
  A necrophage (D:5)
  3 scorpions
  2 orc priests (D:3)
  2 hounds (D:5)
  2 orc wizards
  9 adders
  A worm (D:4)
  2 dart slugs
  10 orcs
  6 bats
  6 endoplasms
  2 giant cockroaches
  10 hobgoblins
  4 quokkas
  7 ball pythons
  8 frilled lizards
  5 goblins
  6 kobolds
  3 rats (D:2)
94 creatures vanquished.

Notes
Turn   | Place    | Note
-------+----------+-------------------------------------------
     0 | D:1      | safid the Minotaur Hunter began the quest for the Orb.
     0 | D:1      | Reached XP level 1. HP: 18/18 MP: 0/0
   225 | D:1      | Found a faded altar of an unknown god.
   366 | D:1      | Reached XP level 2. HP: 26/26 MP: 1/1
  1280 | D:2      | Reached skill level 5 in Ranged Weapons
  1280 | D:2      | Reached XP level 3. HP: 29/31 MP: 2/2
  1396 | D:2      | Found a basalt altar of Yredelemnul.
  1955 | D:2      | Reached XP level 4. HP: 40/40 MP: 3/3
  2489 | D:3      | Reached XP level 5. HP: 36/47 MP: 4/4
  2497 | D:3      | Reached skill level 5 in Fighting
  2854 | D:3      | Noticed a phantom
  2862 | D:3      | Killed a phantom
  3184 | D:4      | Reached XP level 6. HP: 51/56 MP: 5/5
  3391 | D:4      | Noticed a +0 short sword
  3559 | D:4      | Noticed a +0 spear
  3559 | D:4      | Noticed a +0 spear
  3560 | D:4      | Noticed a +0 dagger
  3560 | D:4      | Noticed a +0 falchion
  3561 | D:4      | Noticed a +0 dagger
  3562 | D:4      | Noticed a +0 short sword
  3563 | D:4      | Noticed a +0 falchion
  3611 | D:4      | Found a hide-covered altar of Uskayaw.
  3957 | D:5      | Entered Level 5 of the Dungeon
  3957 | D:5      | Found a stormy altar of Qazlal.
  4034 | D:5      | HP: 2/57 [centaur/arrow (13)]
  4416 | D:5      | Reached XP level 7. HP: 31/64 MP: 6/6
  5031 | D:5      | Shot with an arrow by a centaur

Illustrated notes

Levels and vault maps discovered:
D:1:      dpeg_arrival_another_circle, layout_basic,
          hellmonk_ecumenical_altar_zigzags, minmay_misc_feat_tower
D:2:      minmay_door_path, layout_loops_ring, basic_altar,
          guppyfry_early_orc_mine
D:3:      layout_loops_ring
D:4:      wander_river, layout_loops_ring, nicolae_uskayaw_en_pointe,
          supply_closet_lemuel, uniq_edmund
D:5:      layout_basic, nicolae_qazlal_scattered_showers,
          minmay_temple_entry_large_hall, gammafunk_ghost_mausoleum,
          grunt_decor_cap, minmay_misc_feat_tiny, uniq_pikel

Skill      XL: |  1  2  3  4  5  6  7 |
---------------+----------------------+-----
Fighting       | 3 4 5 6 8 |  8.0
Ranged Weapons | 5 6 7 8 |  8.4
Dodging        | |  2.1
Stealth        | |  0.7

Action                   |  1- 3 |  4- 6 |  7- 9 || total
-------------------------+-------+-------+-------++-------
 Fire: Shortbow          |   101 |   145 |    47 ||   293
Armor: Leather armour    |    12 |    13 |     8 ||    33
Dodge: Dodged            |    25 |    42 |    31 ||    98
